AoeStats
← Bioshock

Pilgrims

508991659Analyzed
2v2 RM · 8d ago on Sep 25, 2026· 54m 14s· 4 players
Game mode
Random Map
Map size
Medium (4 player)
Population
200
Speed
Normal
Resources
Standard
Victory
Conquest
Starting age
Dark Age
Ending age
Imperial Age
RankedLock teamsTeams togetherTeam positionsShared explorationLock speedFull tech treeHidden civsTurbo modeCheats
Victory
Defeat
🇺🇸 Magyars · United States
1193
+14
🇺🇸 Danes · United States
1182
+14
🇦🇷 Magyars · Argentina
1151
-14
🇦🇷 Vikings · Argentina
1142
-14
Bioshock
4:54 Loom
11:01 Feudal Age
11:31 Fishing Lines
12:41 Double-Bit Axe
18:10 Castle Age
17:05 Fletching
18:22 Pikeman
19:29 Forging
19:16 Bodkin Arrow
20:04 Pikeman
25:36 Squires
27:19 Scale Mail Armor
30:19 Iron Casting
35:59 Ballistics
36:49 Chain Mail Armor
40:38 Imperial Age
38:16 Arson
41:34 Chieftains
43:00 Plate Mail Armor
43:44 Man-at-Arms
44:41 Long Swordsman
45:26 Two-Handed Swordsman
46:37 Conscription
47:24 Blast Furnace
47:14 Bow Saw
47:07 Champion
48:02 Gold Mining
52:41 Chemistry
NadiaLaCachorra
3:12 Loom
12:13 Feudal Age
13:04 Double-Bit Axe
13:13 Horse Collar
14:53 Scale Barding Armor
15:12 Bloodlines
23:06 Castle Age
22:58 Gold Mining
24:04 Husbandry
24:27 Chain Barding Armor
24:20 Bow Saw
31:38 Gold Shaft Mining
33:23 Fletching
35:54 Wheelbarrow
43:18 Hand Cart
47:14 Imperial Age
45:36 Bodkin Arrow
48:17 Conscription
48:17 Corvinian Army
47:59 Cavalier
50:02 Plate Barding Armor
49:28 Bracer
Poop Fern
5:55 Loom
10:53 Feudal Age
11:32 Double-Bit Axe
15:04 Fishing Lines
17:58 Castle Age
16:38 Fletching
18:08 Stone Mining
18:49 Medium Warships
23:43 Bodkin Arrow
26:07 Ballistics
26:23 Padded Archer Armor
26:38 Forging
27:46 Squires
27:54 Scale Mail Armor
29:56 Wheelbarrow
31:40 Hand Cart
31:11 Horse Collar
31:44 Town Watch
32:43 Bow Saw
33:14 Chain Mail Armor
32:48 Arson
36:02 Imperial Age
34:32 Town Patrol
36:06 Iron Casting
37:07 Conscription
36:43 Capped Ram
39:31 Blast Furnace
39:08 Heavy Plow
38:52 Elite Varangian Guard
41:26 Plate Mail Armor
41:20 Gold Mining
42:59 Hamask
45:11 Siege Engineers
46:37 Siege Ram
50:43 Northmen's Fury
Swiggity C-Dawg
8:26 Loom
10:41 Feudal Age
11:11 Fishing Lines
14:56 Bloodlines
15:49 Town Watch
18:48 Castle Age
18:22 Scale Barding Armor
20:09 Husbandry
26:59 Wheelbarrow
28:54 Horse Collar
30:01 Chain Barding Armor
30:48 Wheelbarrow
30:57 Heavy Plow
31:10 Double-Bit Axe
35:46 Imperial Age
33:04 Town Watch
33:20 Gold Mining
36:43 Hand Cart
37:06 Plate Barding Armor
37:00 Cavalier
49:30 Town Patrol
51:12 Bow Saw
51:14 Paladin
54:30 Two-Man Saw
Connection lost

Rejoining the realm…

Still unreachable

The connection could not be restored.

Session expired

The server has moved on; the page needs a fresh start.